 Dungeon Crawl Stone Soup version 0.26-a0-682-g294304f6e8 (webtiles) character file.

Game seed: 18342952584518242810

6373 sahdkjhfkaj the Quickloader (level 10, 91/91 HPs)
             Began as a Minotaur Hunter on Oct 21, 2020.
             Was a Follower of Okawaru.
             Quit the game on level 10 of the Dungeon.
             The game lasted 00:16:46 (10348 turns).

sahdkjhfkaj the Quickloader (Minotaur Hunter)      Turns: 10348, Time: 00:16:47

Health: 91/91      AC:  9    Str: 20    XL:     10   Next: 65%
Magic:  9/9        EV: 10    Int:  8    God:    Okawaru [*.....]
Gold:   613        SH: 15    Dex: 11    Spells: 9/9 levels left

rFire    + . .     SeeInvis .   a - +1 hand crossbow
rCold    . . .     Faith    .   I - +0 tower shield
rNeg     . . .     Spirit   .   j - +0 scale mail
rPois    .         Reflect  .   (helmet restricted)
rElec    .         Harm     .   p - +0 cloak
rCorr    .         Rampage  .   (no gloves)
MR       .....                  (no boots)
Stlth    ..........             (no amulet)
HPRegen  0.25/turn              f - ring of protection from fire
MPRegen  0.11/turn              v - +4 ring of slaying

@: no status effects
A: retaliatory headbutt, horns 2
a: Heroism, Renounce Religion


You were on level 10 of the Dungeon.
You worshipped Okawaru.
Okawaru was aware of your devotion.
You visited 2 branches of the dungeon, and saw 12 of its levels.

You collected 613 gold pieces.

Inventory:

Hand Weapons
 a - a +1 hand crossbow (weapon)
 q - the +6 dagger "Beojir" {freeze, *Rage rPois rN++ MR+}
   (You found it on level 8 of the Dungeon)

   It has been specially enchanted to freeze those struck by it, causing extra
   injury to most foes and up to half again as much damage against particularly
   susceptible opponents.
   It can also slow down cold-blooded creatures.
   It protects you from poison.
   It greatly protects you from negative energy.
   It affects your resistance to hostile enchantments.
   It may make you go berserk in combat.
Missiles
 d - 16 bolts (quivered)
Armour
 j - a +0 scale mail (worn)
 p - a +0 cloak (worn)
 I - a +0 tower shield (worn)
Jewellery
 f - a ring of protection from fire (left hand)
 m - an uncursed ring of see invisible
 v - a +4 ring of slaying (right hand)
Wands
 l - a wand of digging (4)
 o - a wand of random effects (27)
 y - a wand of enslavement (12)
 A - a wand of iceblast (10)
 C - a wand of flame (20)
 M - a wand of polymorph (10)
Scrolls
 e - 10 scrolls of remove curse
 g - 2 scrolls of teleportation
 i - 3 scrolls of magic mapping
 x - a scroll of enchant armour {unknown}
 z - a scroll of enchant weapon
 D - a scroll of vulnerability
 F - a scroll of fog
 H - a scroll of blinking
 J - 2 scrolls of identify
 K - a scroll of amnesia
 L - a scroll of fear {unknown}
Potions
 b - a potion of invisibility {!q, unknown}
 c - 3 potions of lignification {!q}
 h - 2 potions of berserk rage {!q, unknown}
 k - a potion of might {!q, unknown}
 n - 2 potions of magic {!q, unknown}
 r - a potion of curing {!q, unknown}
 s - a potion of flight {!q, unknown}
 t - a potion of cancellation {!q, unknown}
 u - a potion of mutation {!q, unknown}
 w - 2 potions of stabbing {!q}
 B - a potion of heal wounds {!q}
 E - a potion of ambrosia {!q, unknown}
 G - a potion of resistance {!q}
 N - a potion of haste {!q, unknown}


   Skills:
 + Level 9.1 Fighting
 - Level 3.2 Short Blades
 - Level 10.0 Crossbows
 + Level 8.5 Armour
 + Level 8.2 Dodging
 - Level 0.7 Stealth
 * Level 6.4 Shields


You had 9 spell levels left.
You didn't know any spells.
Your spell library contained the following spells:

 Spells                   Type           Power        Failure   Level
 Apportation              Tloc           #.....       100%        1
 Freeze                   Ice            #...         100%        1
 Frozen Ramparts          Ice            #.....       100%        3
 Lesser Beckoning         Tloc           #.........   100%        3
 Ozocubu's Armour         Ice            #.......     100%        3
 Tukima's Dance           Hex            #.......     100%        3
 Hailstorm                Conj/Ice       #.......     100%        4
 Summon Ice Beast         Ice/Summ       #.......     100%        4
 Alistair's Intoxication  Tmut/Pois      #........    100%        5
 Invisibility             Hex            #.......     100%        6


Dungeon Overview and Level Annotations

Branches:
Dungeon (11/15)            Temple (1/1) D:5             Orc (0/2) D:9
   Lair: D:8-11

Altars:
Ashenzari
Cheibriados
Dithmenos
Elyvilon
Fedhas
Gozag
Hepliaklqana
Kikubaaqudgha
Nemelex Xobeh
Okawaru
Qazlal
Ru
Sif Muna
Trog
Uskayaw
Vehumet
Wu Jian
Xom
Yredelemnul
Zin
The Shining One

Annotations:
D:4 Pikel with a acid wand!, Pikel


Innate Abilities, Weirdness & Mutations

You reflexively headbutt those who attack you in melee.
You have a pair of horns on your head.


Message History

You block the arrow.
You shoot a bolt. The bolt hits the centaur!!
You kill the centaur!
Okawaru accepts your kill.
No target in view!
No target in view!
No target in view!
No target in view!
No target in view!
No target in view!
No target in view!
No target in view!
No target in view!
No target in view!
No target in view!
Saving game... please wait.
Welcome back, sahdkjhfkaj the Minotaur Hunter.
Okawaru says: Bring me glory in combat!
Press ? for a list of commands and other information.
Are you sure you want to abandon this character and quit the game? (Confirm with "yes".)

).....# ).....# #=...#
......# #....# ##.######
#..... #......# #....#
#......### ....# #......+.#
... ###.....#.# #(#
.....#....# #@#
####.#.#########.#
#<#.##.).)....#########+##
#.#.##)#......##.........#
#.#.##.#......##.........#
##.#.##.#......##........>#
###..#.##)#########.........#
#......##.# #######.........#
#.#.....#.# #.....†.........#


There were no monsters in sight!

Vanquished Creatures
  Harold (D:7)
  Maggie (D:7)
  Menkaure (D:6)
  2 ice beasts (D:8)
  7 orc warriors
  A necrophage (D:10)
  4 ogres
  A sky beast (D:10)
  A phantom (D:10)
  6 centaurs
  2 big kobolds
  6 bullfrogs
  2 wyvern zombies
  2 scorpions
  14 killer bees
  12 wights
  A bullfrog zombie (D:10)
  3 quasits
  A jelly (D:8)
  5 hounds
  4 orc priests
  A bullfrog skeleton (D:4)
  2 centaur skeletons
  Jessica (D:2)
  Terence (D:2)
  5 worker ants
  7 orc wizards
  A hound zombie (D:6)
  A howler monkey zombie (D:6)
  A worker ant zombie (D:7)
  8 gnolls
  A howler monkey skeleton (D:7)
  9 adders
  A shadow imp (D:10)
  A white imp (D:4)
  2 ufetubi (D:7)
  An adder skeleton (D:9)
  5 worms
  2 dart slugs (D:2)
  3 leopard geckos
  38 orcs
  2 ball pythons
  4 giant cockroaches
  6 goblins
  4 hobgoblins
  12 jackals
  2 quokkas
  6 bats
  6 frilled lizards
  A giant cockroach zombie (D:5)
  12 kobolds
  4 quokka skeletons
  9 rats
236 creatures vanquished.

Notes
Turn   | Place    | Note
-------+----------+-------------------------------------------
     0 | D:1      | sahdkjhfkaj the Minotaur Hunter began the quest for the
                  | Orb.
     0 | D:1      | Reached XP level 1. HP: 18/18 MP: 0/0
   184 | D:1      | Reached XP level 2. HP: 25/25 MP: 1/1
   419 | D:1      | Reached skill level 1 in Armour
   534 | D:1      | Reached XP level 3. HP: 27/30 MP: 2/2
   968 | D:2      | Noticed Jessica
   974 | D:2      | Killed Jessica
   974 | D:2      | Reached skill level 5 in Crossbows
  1189 | D:2      | Reached XP level 4. HP: 37/38 MP: 3/3
  1404 | D:2      | Noticed Terence
  1416 | D:2      | Killed Terence
  1599 | D:2      | Reached XP level 5. HP: 44/45 MP: 4/4
  2750 | D:3      | Found an opulent altar of Gozag.
  3238 | D:4      | Reached skill level 6 in Crossbows
  3250 | D:4      | Reached XP level 6. HP: 30/52 MP: 5/5
  3756 | D:4      | Noticed Pikel
  3794 | D:4      | Reached skill level 1 in Short Blades
  3860 | D:5      | Entered Level 5 of the Dungeon
  4232 | D:5      | You fall into a shaft and drop 3 floors!
  4241 | D:8      | Got a scorched dagger
  4242 | D:8      | Identified the +6 dagger "Beojir" {freeze, *Rage rPois rN++
                  | MR+} (You found it on level 8 of the Dungeon)
  4250 | D:8      | Noticed an ice beast
  4256 | D:8      | Reached XP level 7. HP: 60/60 MP: 6/6
  4348 | D:8      | Got an encrusted buckler
  4354 | D:8      | Identified the +2 buckler of Shadows and Fog {Rampage
                  | +Blink MR- Int+3} (You found it on level 8 of the Dungeon)
  4485 | D:8      | Found a broken altar of Ashenzari.
  4546 | D:8      | Reached skill level 5 in Fighting
  4555 | D:8      | Reached XP level 8. HP: 68/68 MP: 7/7
  4983 | D:8      | Reached skill level 5 in Dodging
  5361 | D:7      | Noticed Harold
  5382 | D:7      | Killed Harold
  5382 | D:7      | Reached skill level 8 in Crossbows
  5382 | D:7      | Reached skill level 5 in Armour
  5382 | D:7      | Reached XP level 9. HP: 22/78 MP: 8/8
  5904 | D:6      | Reached skill level 9 in Crossbows
  6026 | D:6      | Noticed Menkaure
  6029 | D:6      | Killed Menkaure
  6106 | D:6      | Found a basalt altar of Yredelemnul.
  6505 | D:6      | Found a bloodstained altar of Trog.
  6505 | D:6      | Found a shimmering altar of Xom.
  6505 | D:6      | Found a sacrificial altar of Ru.
  6505 | D:6      | Found a stormy altar of Qazlal.
  6510 | D:6      | Found a hide-covered altar of Uskayaw.
  7068 | D:7      | Noticed Maggie
  7074 | D:7      | Killed Maggie
  7424 | D:9      | Reached skill level 10 in Crossbows
  7438 | D:9      | Reached XP level 10. HP: 75/88 MP: 9/9
  7495 | D:9      | Found a staircase to the Orcish Mines.
  8332 | D:5      | Found a staircase to the Ecumenical Temple.
  8355 | Temple   | Entered the Ecumenical Temple
  8661 | Temple   | Became a worshipper of Warmaster Okawaru
  9048 | D:10     | Entered Level 10 of the Dungeon
  9416 | D:10     | Reached skill level 5 in Shields
  9638 | D:11     | Noticed a red ugly thing
 10059 | D:10     | Reached * piety under Okawaru
 10348 | D:10     | Quit the game

Illustrated notes

Levels and vault maps discovered:
D:1:      shiori_shiawase, layout_basic
D:2:      layout_basic, fountainhead, kennysheep_generic_room_10, uniq_jessica,
          uniq_terence
D:3:      layout_loops_ring, lemuel_crystal_altar, minmay_misc_feat_room
D:4:      layout_rooms, marbit_many_paths, uniq_pikel
D:5:      layout_basic, minmay_temple_entry_overgrown
D:6:      layout_cave_pools, minitemple, uniq_menkaure
D:7:      layout_gridville, minmay_misc_feat_x, uniq_harold, uniq_maggie
D:8:      layout_gridville, lemuel_round_altar
D:9:      layout_basic, erik_orc_3
D:10:     layout_basic, minmay_joined_circles, uniq_erica, uniq_josephine
D:11:     layout_stronghold, lair_entry_dummy, basic_altar
Temple:   oiseaux_autumnal_temple

Skill      XL: |  1  2  3  4  5  6  7  8  9 10 |
---------------+-------------------------------+-----
Armour         | 1 2 3 4 5 7 8 |  8.5
Fighting       | 3 4 5 6 7 9 |  9.1
Crossbows      | 5 6 8 10 | 10.0
Dodging        | 3 4 5 7 8 |  8.2
Short Blades   | 2 3 |  3.2
Shields        | 4 6 |  6.4
Stealth        | |  0.7

Action                   |  1- 3 |  4- 6 |  7- 9 | 10-12 || total
-------------------------+-------+-------+-------+-------++-------
Melee: Short sword       |    51 |    72 |       |       ||   123
       Headbutt          |     9 |    24 |     8 |    10 ||    51
       Dagger            |       |    77 |    21 |    42 ||   140
       Unarmed           |       |       |     7 |     2 ||     9
       Hand crossbow     |       |       |     3 |       ||     3
 Fire: Hand crossbow     |     8 |    17 |   202 |   163 ||   390
  Use: Scroll            |     4 |       |     9 |     2 ||    15
 Stab: Sleeping          |     1 |       |       |       ||     1
Armor: Leather armour    |    19 |     4 |       |       ||    23
       Scale mail        |       |    60 |    36 |    51 ||   147
Dodge: Dodged            |    30 |    94 |    66 |    66 ||   256
Block: Buckler           |       |       |    40 |    16 ||    56
       Tower shield      |       |       |       |    84 ||    84

Table legend: (Time is in decaauts)
 A = Elapsed time spent in this place.
 B = Non-inter-level travel time spent in this place.
 C = Inter-level travel time spent in this place.
 D = Time resting spent in this place.
 E = Time spent auto-exploring this place.
 F = Levels seen in this place.
 G = Mean time per level.
                   A        B        C        D        E       F      G
               +--------+--------+--------+--------+--------+-----+--------+
         Total |  10398 |   9923 |    475 |    673 |   7723 |  12 |  866.5 |
       Dungeon |  10062 |   9641 |    421 |    673 |   7444 |  11 |  914.7 |
        Temple |    335 |    281 |     54 |      0 |    279 |   1 |  335.0 |
               +--------+--------+--------+--------+--------+-----+--------+

Top non-repeatable levels by time:
     D:8: 1466 daAuts
     D:2: 1459 daAuts
     D:3: 1083 daAuts
     D:1: 965 daAuts
     D:7: 924 daAuts
     D:6: 856 daAuts
     D:9: 839 daAuts
     D:5: 787 daAuts
    D:10: 779 daAuts
    D:11: 537 daAuts
     D:4: 361 daAuts
  Temple: 335 daAuts
